 Dungeon Crawl Stone Soup version 0.21.1-1-g345015fe64 (webtiles) character file.

137 Ivernyr the Charmwright (level 5, 34/40 HPs)
             Began as a Demonspawn Skald on Apr 27, 2018.
             Quit the game on level 2 of the Dungeon.
             The game lasted 00:04:16 (1361 turns).

Ivernyr the Charmwright (Demonspawn Skald)          Turns: 1361, Time: 00:04:17

Health: 34/40      AC:  3    Str: 11    XL:     5   Next: 0%
Magic:  5/8        EV: 12    Int: 15    God:
Gold:   82         SH:  0    Dex: 13    Spells: 3/8 levels left

rFire    . . .     SeeInvis .   a - +0 falchion
rCold    . . .     Gourm    .   (no shield)
rNeg     + . .     Faith    .   b - +0 leather armour
rPois    .         Spirit   +   (no helmet)
rElec    .         Reflect  .   (no cloak)
rCorr    .         Harm     .   (no gloves)
MR       .....                  (no boots)
Stlth    +.........             (no amulet)
HPRegen  1.13/turn              q - ring of positive energy
MPRegen  0.11/turn              (no ring)

@: shrouded
A: talons 1, powered by death 1, magic shield
a: no special abilities


You were on level 2 of the Dungeon.
You were not hungry.

You visited 1 branch of the dungeon, and saw 2 of its levels.

You collected 82 gold pieces.

Inventory:

Hand Weapons
 a - a +0 falchion (weapon)
Armour
 b - a +0 leather armour (worn)
 n - a +0 buckler
Jewellery
 q - a ring of positive energy (left hand)
Scrolls
 e - a scroll of noise {unknown}
 f - a scroll of magic mapping {unknown}
 g - a scroll of amnesia {unknown}
 j - a scroll of identify {unknown}
 m - a scroll of enchant weapon {unknown}
 o - a scroll of remove curse {unknown}
Potions
 h - a potion of haste {unknown}
 i - a potion of curing
 k - a potion of lignification {unknown}
 l - 2 potions of heal wounds {unknown}
Books
 c - a book of Battle

   Spells                             Type                      Level
   a - Infusion                       Charms                       1
   b - Shroud of Golubria             Charms/Translocation         2
   c - Song of Slaying                Charms                       2
   d - Spectral Weapon                Hexes/Charms                 3
   e - Regeneration                   Charms/Necromancy            3
Comestibles
 d - 4 rations


   Skills:
 + Level 2.9 Fighting
 + Level 2.5 Long Blades
 * Level 2.7 Armour
 - Level 1.7 Dodging
 - Level 2.0 Spellcasting
 + Level 3.3 Charms


You had 3 spell levels left.
You knew the following spells:

 Your Spells              Type           Power        Failure   Level  Hunger
a - Shroud of Golubria    Chrm/Tloc      #.........   22%         2    ###....
b - Song of Slaying       Chrm           ##......     11%         2    ###....
c - Infusion              Chrm           ##..         7%          1    #......


Dungeon Overview and Level Annotations

Branches:
Dungeon (2/15)

Altars:


Innate Abilities, Weirdness & Mutations

You have sharp toenails.
You regenerate a little health from kills.
When hurt, damage is shared between your health and your magic reserves.


Message History

Casting: Shroud of Golubria
Confirm with . or Enter, or press ? or * to list all spells.
Space distorts slightly along a thin shroud covering your body.
Jessica shouts!
You hit Jessica.
Jessica is lightly wounded.
Jessica hits you but does no damage.
You barely miss Jessica.
Jessica is lightly wounded.
Jessica gestures at you while chanting. Pain shoots through your body!
Jessica barely misses you.
You hit Jessica.
Jessica is moderately wounded.
Your shroud bends Jessica's attack away.
You hit Jessica.
You kill Jessica!
You have reached level 5!
Your demonic ancestry asserts itself...
You feel your magical essence form a protective shroud around your flesh.
Are you sure you want to abandon this character and quit the game? (Confirm with "yes".)

######## .......# #.####.# #.##
#.# ### ...# #.# ######## #.#
..(# #.# #####.@[...# #.### ...#
#.####...#.####.########.#.. ...#
#....#...#.#.##.##.......### ...#
####.#...#...##.##.#####...# ..##
#.†...###.##.##.#######.# ###
###...###.##.##....#....# ..#
#...........#..#.#.#..# #.######
##......#.#.#..#.#)#..#
........####.)......#....#...#..#


There were no monsters in sight!

Vanquished Creatures
  A scorpion (D:2)
  Jessica (D:2)
  2 adders (D:2)
  A dart slug (D:2)
  2 ball pythons
  2 giant cockroaches (D:1)
  10 goblins
  2 hobgoblins
  3 jackals (D:1)
  2 quokkas (D:2)
  7 bats
  2 frilled lizards (D:2)
  2 kobolds
  5 rats
42 creatures vanquished.

Notes
Turn   | Place    | Note
-------+----------+-------------------------------------------
     0 | D:1      | Ivernyr the Demonspawn Skald began the quest for the Orb.
     0 | D:1      | Reached XP level 1. HP: 16/16 MP: 3/3
    22 | D:1      | Reached skill level 1 in Armour
   183 | D:1      | Gained mutation: You have sharp toenails. [demonic ancestry]
   183 | D:1      | Reached XP level 2. HP: 22/22 MP: 5/5
   278 | D:1      | Learned a level 2 spell: Song of Slaying
   281 | D:1      | Learned a level 2 spell: Shroud of Golubria
   822 | D:2      | Gained mutation: You regenerate a little health from kills. [demonic ancestry]
   822 | D:2      | Reached XP level 3. HP: 26/28 MP: 6/6
   876 | D:2      | Reached skill level 3 in Charms
  1217 | D:2      | Noticed a scorpion
  1230 | D:2      | Killed a scorpion
  1230 | D:2      | Reached XP level 4. HP: 26/34 MP: 3/7
  1354 | D:2      | Noticed Jessica
  1360 | D:2      | Killed Jessica
  1360 | D:2      | Gained mutation: When hurt, damage is shared between your health and your magic reserves. [demonic ancestry]
  1360 | D:2      | Reached XP level 5. HP: 33/40 MP: 5/8
  1361 | D:2      | Quit the game

Skill      XL: |  1  2  3 |
---------------+----------+-----
Armour         | 1 2 |  2.7
Long Blades    | 2 |  2.5
Charms         | 3 |  3.3
Fighting       | |  2.9
Dodging        | |  1.7
Spellcasting   | |  2.0

Action                   |  1- 3 |  4- 6 || total
-------------------------+-------+-------++-------
Melee: Falchion          |    97 |     7 ||   104
       Kick              |    26 |     1 ||    27
 Cast: Shroud of Golubri |     4 |     1 ||     5
  Use: Potion            |     1 |       ||     1
  Eat: Chunk             |     1 |     1 ||     2
Armor: Leather armour    |    38 |     2 ||    40
Dodge: Dodged            |    96 |     2 ||    98
       Rpst.: Falchion   |    36 |     1 ||    37
